 Dungeon Crawl Stone Soup version 0.18.0-1-g0107ab7 (webtiles) character file.

2916 juanjsm the Covert (level 9, -7/41 HPs)
             Began as a Spriggan Enchanter on May 5, 2016.
             Was an Initiate of Ashenzari.
             Killed by a stone arrow (24 damage)
             ... invoked by the wrath of Vehumet
             ... in an ossuary.
             The game lasted 00:34:11 (7056 turns).

juanjsm the Covert (Spriggan Enchanter)             Turns: 7056, Time: 00:34:12

Health: -7/41      AC:  6    Str:  4    XL:     9   Next: 50%
Magic:  14/21      EV: 21    Int: 20    God:    Ashenzari [......]
Gold:   569        SH:  4    Dex: 16    Spells: 6 memorised, 5 levels left

rFire  + . .     SeeInvis +     H - +1 dagger (drain)
rCold  + . .     Gourm    .     r - +1 robe {rC+ rF+} (curse)
rNeg   . . .     Faith    .     (shield restricted)
rPois  +         Spirit   .     (helmet restricted)
rElec  .         Dismiss  .     i - +2 cloak (curse)
rCorr  .         Reflect  +     (gloves unavailable)
SustAt .         Harm     .     (boots unavailable)
MR     +....                    q - +4 amulet of reflection (curse)
Stlth  ++++++....               U - ring of wizardry
                                D - ring of poison resistance (curse)

@: very quick, somewhat resistant to hostile enchantments, very stealthy
A: unfitting armour, see invisible, herbivore 3, speed 3, slow metabolism 2
a: Curse Item, Renounce Religion


You were in an ossuary.
You worshipped Ashenzari.
Ashenzari was noncommittal.
You were not hungry.

You visited 2 branches of the dungeon, and saw 9 of its levels.
You also visited: Sewer and Ossuary.

You collected 569 gold pieces.

Inventory:

Hand Weapons
 H - a +1 dagger of draining (weapon)
Armour
 i - a cursed +2 cloak (worn)
 r - a cursed +1 robe of resistance (worn)
 B - a +0 buckler
Magical Staves
 J - an uncursed staff of summoning
Rods
 G - a +1 rod of inaccuracy (11/11)
   (You found it on level 6 of the Dungeon)
 O - a +0 lightning rod (11/11)
   (You found it on level 6 of the Dungeon)
Jewellery
 q - a cursed +4 amulet of reflection (around neck)
 t - an uncursed ring of positive energy
 w - an uncursed ring of flight
 D - a cursed ring of poison resistance (left hand)
 R - an uncursed ring of ice
 U - a ring of wizardry (right hand)
Wands
 b - a wand of random effects (17/48)
 E - a wand of disintegration (16/24)
 I - a wand of lightning (9/15)
 K - a wand of acid (10/15)
 M - a wand of polymorph (13/24)
 P - a wand of slowing (28/48)
Scrolls
 e - a scroll of immolation {unknown}
 h - a scroll of enchant weapon {unknown}
 m - a scroll of teleportation
 n - 3 scrolls of fear
 p - a scroll of fog {unknown}
 u - a scroll of noise {unknown}
 v - 2 scrolls of recharging {unknown}
 C - 2 scrolls of amnesia {unknown}
 F - a scroll of enchant armour {unknown}
 Q - a scroll of brand weapon {unknown}
Potions
 f - 6 potions of flight
 g - 4 potions of heal wounds
 j - a potion of mutation {unknown}
 k - 3 potions of curing
 l - a potion of lignification {unknown}
 o - 2 potions of might
 z - 6 potions of agility
 A - 2 potions of brilliance {unknown}
 S - 2 potions of haste {unknown}
Books
 a - a book of Burglary

   Spells                             Type                      Level
   a - Swiftness                      Charms/Air                   2
   b - Passwall                       Transmutation/Earth          2
   c - Passage of Golubria            Translocation                4
   d - Lee's Rapid Deconstruction     Earth                        5
   e - Darkness                       Hexes                        6
   f - Invisibility                   Hexes                        6
 c - a book of Maledictions

   Spells                             Type                      Level
   a - Corona                         Hexes                        1
   b - Ensorcelled Hibernation        Hexes/Ice                    2
   c - Confuse                        Hexes                        3
   d - Tukima's Dance                 Hexes                        3
   e - Dazzling Spray                 Conjuration/Hexes            3
 x - a Grand Grimoire

   Spells                             Type                      Level
   a - Monstrous Menagerie            Summoning                    7
   b - Summon Greater Demon           Summoning                    7
   c - Malign Gateway                 Summoning/Translocation      7
   d - Summon Horrible Things         Summoning                    8
Comestibles
 d - 4 bread rations


   Skills:
 + Level 1.2 Fighting
 + Level 3.2 Short Blades
 + Level 6.4 Dodging
 + Level 11.4 Stealth
 * Level 3.2 Shields
 * Level 7.9 Spellcasting
 + Level 0.2 Conjurations
 + Level 6.5 Hexes
 + Level 2.9 Ice Magic


You had 5 spell levels left.
You knew the following spells:

 Your Spells              Type           Power        Failure   Level  Hunger
a - Corona                Hex            ####...      1%          1    None
b - Ensorcelled Hibernat  Hex/Ice        ####..       1%          2    None
c - Confuse               Hex            ####....     1%          3    None
d - Dazzling Spray        Conj/Hex       ###.....     4%          3    None
e - Tukima's Dance        Hex            ####....     1%          3    None
f - Invisibility          Hex            ####....     52%         6    ######.


Dungeon Overview and Level Annotations

Branches:
Dungeon (8/15)             Temple (1/1) D:4
   Lair: D:8-11

Altars:
Ashenzari
Cheibriados
Dithmenos
Elyvilon
Gozag
Kikubaaqudgha
Makhleb
Nemelex Xobeh
Pakellas
Qazlal
Sif Muna
Trog
Vehumet
Xom
Yredelemnul
Zin
The Shining One

Annotations:
D:4 Natasha
D:8 Maurice


Innate Abilities, Weirdness & Mutations

You are tiny and cannot use many weapons and most armour.
You have supernaturally acute eyesight.
You are a herbivore.
You cover ground extremely quickly.
You need consume almost no food.


Message History

You hit the big kobold zombie but do no damage.
The hobgoblin zombie misses you.
You hit the big kobold zombie but do no damage.
You hit the big kobold zombie. You hit the big kobold zombie.
You catch the helpless hobgoblin zombie completely off-guard!
You impale the hobgoblin zombie!!
You destroy the hobgoblin zombie!
You hit the big kobold zombie but do no damage.
You strike the helpless big kobold zombie from behind!
You impale the big kobold zombie!! You hit the big kobold zombie.
You catch the helpless big kobold zombie completely off-guard!
You impale the big kobold zombie!!
You destroy the big kobold zombie!
You start resting.
Vehumet rains destruction down upon you!
The stone arrow hits you!
Ouch! That really hurt!
You die...

##+## #...#
#...# #.@.#
#...# ##'##
#.^^# ###
#####.^^#
#!!!!#...#...#
+!/??#.∩.'...#
#!??!#...#..∩#
### #########


You could see the wrath of Vehumet (unaware).

Vanquished Creatures
  A kobold demonologist (Sewer)
  Grinder (D:5)
  2 sky beasts (D:7)
  2 orc warriors
  A necrophage (D:7)
  A centaur (D:7)
  2 giant frogs
  A big kobold (Sewer)
  A water moccasin zombie (Ossuary)
  A water moccasin skeleton (D:5)
  3 scorpions
  A howler monkey (D:5)
  A crimson imp (D:6)
  A quasit (D:5)
  A jelly (D:8)
  4 orc priests
  A giant frog skeleton (D:6)
  13 orc wizards
  2 hounds (D:5)
  3 iguanas
  A human skeleton (D:8)
  9 worker ants
  3 big kobold zombies (Ossuary)
  4 worker ant zombies
  3 gnolls (D:4)
  12 adders
  3 shadow imps (Sewer)
  5 ufetubi (Sewer)
  3 oozes
  2 adder zombies
  3 worms
  3 dart slugs
  5 giant geckos
  25 orcs
  8 bats
  8 giant cockroaches
  7 goblins
  7 hobgoblins
  2 quokkas
  A giant cockroach zombie (Sewer)
  4 giant newts
  A gnoll zombie (Ossuary)
  2 hobgoblin zombies (Ossuary)
  21 kobolds
  4 kobold zombies (Ossuary)
  An orc skeleton (D:8)
  A quokka skeleton (D:8)
  4 rats
195 creatures vanquished.

Vanquished Creatures (others)
  A kobold (Sewer)
1 creature vanquished.

Grand Total: 196 creatures vanquished

Notes
Turn   | Place    | Note
--------------------------------------------------------------
     0 | D:1      | juanjsm the Spriggan Enchanter began the quest for the Orb.
     0 | D:1      | Reached XP level 1. HP: 9/9 MP: 5/5
   290 | D:1      | Reached skill level 5 in Stealth
   331 | D:1      | Reached XP level 2. HP: 13/13 MP: 4/6
   335 | D:1      | Learned a level 2 spell: Ensorcelled Hibernation
   627 | D:2      | Reached XP level 3. HP: 16/16 MP: 1/8
   676 | D:2      | Reached skill level 6 in Stealth
   792 | D:2      | Found a sparkling altar of Nemelex Xobeh.
  1190 | D:2      | Reached XP level 4. HP: 21/21 MP: 9/9
  1613 | D:3      | Learned a level 3 spell: Confuse
  1617 | D:3      | Learned a level 3 spell: Dazzling Spray
  1856 | D:5      | Entered Level 5 of the Dungeon
  2158 | D:5      | Reached skill level 7 in Stealth
  2158 | D:5      | Reached XP level 5. HP: 24/24 MP: 8/10
  2411 | D:6      | Reached skill level 1 in Ice Magic
  2520 | D:6      | Found a glowing drain.
  2558 | Sewer    | Entered a sewer
  2742 | Sewer    | Reached XP level 6. HP: 27/28 MP: 1/12
  2767 | Sewer    | Found a burning altar of Makhleb.
  2913 | Sewer    | Noticed an apprentice kobold demonologist
  2920 | Sewer    | Killed an apprentice kobold demonologist
  2920 | Sewer    | Reached skill level 5 in Dodging
  2920 | Sewer    | Reached skill level 8 in Stealth
  2920 | Sewer    | Reached skill level 5 in Hexes
  2920 | Sewer    | Reached XP level 7. HP: 32/32 MP: 3/14
  3549 | D:7      | Reached skill level 5 in Spellcasting
  3574 | D:7      | Reached skill level 1 in Shields
  3732 | D:6      | Found an oddly glowing altar of Pakellas.
  3732 | D:6      | Noticed a purple ugly thing
  3763 | D:6      | Found a burning altar of Makhleb.
  3764 | D:6      | Found a radiant altar of Vehumet.
  3785 | D:6      | Became a worshipper of Vehumet
  4038 | D:6      | Reached XP level 8. HP: 37/37 MP: 13/17
  4042 | D:6      | Reached skill level 9 in Stealth
  4260 | D:5      | Noticed Grinder
  4669 | D:5      | Reached * piety under Vehumet
  4669 | D:5      | Offered knowledge of Sandblast by Vehumet.
  4680 | D:5      | Learned a level 3 spell: Tukima's Dance
  4791 | D:5      | Killed Grinder
  4854 | D:4      | Noticed Natasha
  4898 | D:4      | Found a staircase to the Ecumenical Temple.
  4913 | Temple   | Entered the Ecumenical Temple
  5057 | D:4      | Reached skill level 10 in Stealth
  5699 | D:6      | Identified a +1 rod of inaccuracy (11/11) (You found it on level 6 of the Dungeon)
  5762 | D:6      | Reached ** piety under Vehumet
  5762 | D:6      | Offered knowledge of Throw Flame by Vehumet.
  5770 | D:6      | Reached skill level 1 in Fighting
  5770 | D:6      | Reached XP level 9. HP: 41/41 MP: 8/20
  5810 | D:6      | Found an opulent altar of Gozag.
  6261 | D:7      | Learned a level 6 spell: Invisibility
  6380 | D:7      | Reached skill level 11 in Stealth
  6619 | D:8      | Noticed Maurice
  6753 | Temple   | Fell from the grace of Vehumet
  6753 | Temple   | Became a worshipper of Ashenzari the Shackled
  6895 | D:8      | Found a glowing golden altar of the Shining One.
  6924 | D:8      | Found a sand-covered staircase.
  6929 | Ossuary  | Entered an ossuary
  7056 | Ossuary  | Killed by a stone arrow

Skill      XL: |  1  2  3  4  5  6  7  8  9 |
---------------+----------------------------+-----
Stealth        | 5 6 7 8 10 11 | 11.4
Hexes          | 4 5 6 |  6.5
Spellcasting   | 3 4 5 7 |  7.9
Ice Magic      | 1 2 |  2.9
Short Blades   | 2 3 |  3.2
Dodging        | 5 6 |  6.4
Shields        | 1 2 3 |  3.2
Fighting       | 1 |  1.2
Conjurations   | |  0.2

Action                   |  1- 3 |  4- 6 |  7- 9 || total
-------------------------+-------+-------+-------++-------
Melee: Dagger            |    70 |   130 |   258 ||   458
 Cast: Corona            |     3 |       |       ||     3
       Ensorcelled Hiber |    12 |    29 |   106 ||   147
       Confuse           |       |     8 |    27 ||    35
       Dazzling Spray    |       |     1 |     1 ||     2
Invok: Curse Item        |       |       |     4 ||     4
  Use: Scroll            |       |     3 |     6 ||     9
 Stab: Sleeping          |    19 |    35 |    93 ||   147
       Confused          |       |     2 |    19 ||    21
       Distracted        |       |       |     3 ||     3
       Invisible         |       |       |     1 ||     1
  Eat: Pizza             |       |     1 |     1 ||     2
       Fruit             |       |       |     8 ||     8
Armor: Robe              |    12 |    24 |    15 ||    51
Dodge: Dodged            |    50 |   127 |   123 ||   300
Block: Other             |       |    22 |    30 ||    52
       Reflection        |       |       |     2 ||     2
